 Dungeon Crawl Stone Soup version 0.26-a0-597-gb535b0901c (webtiles) character file.

Game seed: 15085069963641442168

2123 ANON1729 the Sneak (level 9, -9/69 HPs)
             Began as a Demonspawn Delver on Aug 26, 2020.
             Was a Believer of Vehumet.
             Mangled by Joseph
             ... wielding a +0 quarterstaff
              (13 damage)
             ... on level 7 of the Dungeon.
             The game lasted 00:12:06 (7295 turns).

ANON1729 the Sneak (Demonspawn Delver)              Turns: 7295, Time: 00:12:07

Health: -9/69      AC: 10    Str: 15    XL:     9   Next: 8%
Magic:  14/14      EV: 15    Int: 12    God:    Vehumet [**....]
Gold:   269        SH:  0    Dex: 15    Spells: 9/14 levels left

rFire    . . .     SeeInvis .   C - +0 scimitar
rCold    . . .     Faith    .   (no shield)
rNeg     . . .     Spirit   .   D - +2 steam dragon scales
rPois    .         Reflect  .   (no helmet)
rElec    .         Harm     .   (no cloak)
rCorr    .                      (no gloves)
MR       .....                  (no boots)
Stlth    +++.......             (no amulet)
HPRegen  0.21/turn              (no ring)
MPRegen  0.14/turn              (no ring)

@: no status effects
A: hooves 2, thin metallic scales 2, demonic guardian 1, rot immunity
a: Renounce Religion


You were on level 7 of the Dungeon.
You worshipped Vehumet.
Vehumet was pleased with you.
You visited 1 branch of the dungeon, and saw 7 of its levels.
You also visited: Ossuary.

You collected 269 gold pieces.

Inventory:

Hand Weapons
 C - a +0 scimitar (weapon)
Missiles
 n - 15 poisoned darts (quivered)
Armour
 D - +2 steam dragon scales (worn)
Wands
 b - a wand of random effects (23)
 g - a wand of digging (6)
 t - a wand of acid (12)
Scrolls
 a - a scroll of enchant armour {unknown}
 c - a scroll of fog
 e - 3 scrolls of fear
 i - 7 scrolls of identify {unknown}
 p - a scroll of blinking {unknown}
 q - 3 scrolls of immolation
 r - 2 scrolls of magic mapping
 s - 2 scrolls of holy word {unknown}
 u - 3 scrolls of remove curse {unknown}
 w - a scroll of noise {unknown}
 y - 2 scrolls of teleportation {unknown}
 A - 2 scrolls of amnesia {unknown}
Potions
 d - 9 potions of curing
 f - 2 potions of flight {unknown}
 h - 2 potions of heal wounds {unknown}
 j - 4 potions of haste
 k - 3 potions of ambrosia {unknown}
 l - 2 potions of might {unknown}
 m - 3 potions of berserk rage {unknown}
 v - 2 potions of brilliance {unknown}
 x - a potion of lignification {unknown}
 z - a potion of magic {unknown}
 B - 2 potions of stabbing {unknown}


   Skills:
 + Level 6.3 Fighting
 + Level 5.5 Long Blades
 + Level 5.3 Dodging
 + Level 7.2 Stealth
 * Level 3.4 Spellcasting


You had 9 spell levels left.
You knew the following spells:

 Your Spells              Type           Power        Failure   Level
a - Sandblast             Erth           #.....       24%         1
b - Foxfire               Conj/Fire      #...         24%         1
c - Dazzling Flash        Conj/Hex       #.....       56%         3

Your spell library contained the following spells:

 Spells                   Type           Power        Failure   Level


Dungeon Overview and Level Annotations

Branches:
Dungeon (7/15)            Ossuary (visited)
 Temple: D:4-7

Altars:
Cheibriados
Gozag
Hepliaklqana
Makhleb
Nemelex Xobeh
Sif Muna
Trog
Vehumet
Xom
Zin
The Shining One

Shops:
D:7 *

Annotations:
D:6 1 runed translucent door, rasy's ghost, amateur MiFi
D:7 Joseph


Innate Abilities, Weirdness & Mutations

You have hoof-like feet.
You are mostly covered in thin metallic scales. (AC +3)
A weak demonic guardian rushes to your aid.
You are immune to rotting.


Message History

Your white imp barely misses Joseph.
You closely miss Joseph.
Joseph is almost dead.
Joseph hits you with a +0 quarterstaff.
* * * LOW HITPOINT WARNING * * *
Your white imp hits Joseph but does no damage.
You closely miss Joseph.
Joseph is almost dead.
Joseph hits you with a +0 quarterstaff.
* * * LOW HITPOINT WARNING * * *
Your white imp closely misses Joseph.
You hit Joseph but do no damage. You kick Joseph, but do no damage.
Joseph is almost dead.
Your white imp barely misses Joseph.
Joseph hits you with a +0 quarterstaff.
* * * LOW HITPOINT WARNING * * *
You closely miss Joseph. You kick Joseph.
Joseph is almost dead.
Your white imp hits Joseph but does no damage.
Joseph hits you with a +0 quarterstaff!
You die...

..[...>.#..# #.
....###..............
........# ##.#......#
..#.....###..##.....#
........#...........####
.#.........##...........
##.........##........##.
###........##...5.......
# ###.[...(...(.@@......
####....................
.............(..........
..#...##..?.............
.###.......##...........
.##..................>..
....##..............#...
.#.# ##.#.###.......#...
..## ###.. .....


You could see Joseph and a friendly white imp (summoned).

Vanquished Creatures
  Maggie (D:6)
  Edmund (D:6)
  Duvessa (D:6)
  A phantom (D:6)
  3 ogres
  A big kobold (D:4)
  2 bullfrogs (D:7)
  Dowan (D:6)
  7 water moccasin zombies (Ossuary)
  A scorpion (D:4)
  A centaur zombie (D:7)
  A howler monkey (D:5)
  A bullfrog skeleton (D:2)
  2 hounds
  3 orc wizards (D:4)
  An iguana (D:6)
  5 worker ants
  8 big kobold zombies (Ossuary)
  2 mummies (Ossuary)
  9 adders
  An ooze (D:3)
  3 adder zombies
  2 adder skeletons
  3 worms
  A dart slug (D:3)
  5 leopard geckos
  2 orcs
  7 giant cockroaches
  3 gnoll zombies (Ossuary)
  9 goblins
  7 hobgoblins
  4 kobolds
  5 quokkas
  A ball python (D:2)
  11 bats
  3 frilled lizards
  2 hobgoblin zombies (Ossuary)
  2 kobold zombies (Ossuary)
  7 orc zombies (Ossuary)
  13 rats
143 creatures vanquished.

Vanquished Creatures (collateral kills)
  An orc (D:4)
1 creature vanquished.

Vanquished Creatures (others)
  A goblin (D:3)
1 creature vanquished.

Grand Total: 145 creatures vanquished

Notes
Turn   | Place    | Note
-------+----------+-------------------------------------------
     0 | D:5      | ANON1729 the Demonspawn Delver began the quest for the Orb.
     0 | D:5      | Reached XP level 1. HP: 18/18 MP: 1/1
    84 | D:5      | Noticed an ogre
   108 | D:5      | Noticed a hound
   109 | D:5      | Noticed a hound
   132 | D:4      | Killed a hound
   132 | D:4      | Gained mutation: You are partially covered in thin metallic
                  | scales. (AC +2) [demonic ancestry]
   132 | D:4      | Reached XP level 2. HP: 5/24 MP: 2/2
   132 | D:4      | Gained mutation: You are mostly covered in thin metallic
                  | scales. (AC +3) [demonic ancestry]
   132 | D:4      | Reached XP level 3. HP: 6/29 MP: 3/3
   429 | D:5      | Noticed an ogre
   435 | D:5      | Found a sand-covered staircase.
   440 | Ossuary  | Entered an ossuary
   557 | Ossuary  | Reached skill level 5 in Stealth
   557 | Ossuary  | Gained mutation: You have large cloven feet. [demonic
                  | ancestry]
   557 | Ossuary  | Reached XP level 4. HP: 15/37 MP: 4/4
   804 | Ossuary  | Gained mutation: You are immune to rotting. [demonic
                  | ancestry]
   804 | Ossuary  | Reached XP level 5. HP: 26/42 MP: 5/5
  1341 | Ossuary  | Reached XP level 6. HP: 23/48 MP: 6/6
  2199 | Ossuary  | Gained mutation: You have hoof-like feet. [demonic
                  | ancestry]
  2199 | Ossuary  | Reached XP level 7. HP: 37/55 MP: 7/7
  2363 | Ossuary  | Reached skill level 6 in Stealth
  2595 | D:5      | Reached skill level 5 in Fighting
  3193 | D:4      | Found a shimmering blue altar of Sif Muna.
  3327 | D:4      | Found a burning altar of Makhleb.
  3470 | D:4      | Noticed a cacodemon
  3474 | D:4      | Noticed a ynoxinul
  3474 | D:4      | Noticed a smoke demon
  3585 | D:4      | Gained mutation: A weak demonic guardian rushes to your
                  | aid. [demonic ancestry]
  3585 | D:4      | Reached XP level 8. HP: 63/63 MP: 8/8
  4041 | D:3      | Found a bloodstained altar of Trog.
  4049 | D:3      | Found a sparkling altar of Nemelex Xobeh.
  4119 | D:3      | Found a faded altar of an unknown god.
  4145 | D:3      | Became a worshipper of Vehumet
  4145 | D:3      | Reached * piety under Vehumet
  4145 | D:3      | Offered knowledge of Sandblast by Vehumet.
  4274 | D:3      | Learned a level 1 spell: Sandblast
  4603 | D:2      | Reached ** piety under Vehumet
  4630 | D:2      | Offered knowledge of Foxfire by Vehumet.
  4635 | D:2      | Learned a level 1 spell: Foxfire
  4759 | D:2      | Found a shimmering altar of Xom.
  4760 | D:2      | Found a hazy altar of Hepliaklqana.
  4761 | D:2      | Noticed a spectral ugly thing
  4820 | D:2      | Reached skill level 1 in Spellcasting
  4942 | D:2      | Found a snail-covered altar of Cheibriados.
  5022 | D:2      | Found a shimmering blue altar of Sif Muna.
  5024 | D:2      | Found a glowing golden altar of the Shining One.
  5024 | D:2      | Found a radiant altar of Vehumet.
  5025 | D:2      | Found an opulent altar of Gozag.
  6037 | D:6      | Offered knowledge of Dazzling Flash by Vehumet.
  6037 | D:6      | Reached skill level 5 in Long Blades
  6042 | D:6      | Learned a level 3 spell: Dazzling Flash
  6114 | D:6      | Noticed Edmund
  6128 | D:6      | Killed Edmund
  6128 | D:6      | Reached skill level 5 in Dodging
  6157 | D:6      | Reached skill level 7 in Stealth
  6167 | D:6      | Noticed Maggie
  6488 | D:6      | Killed Maggie
  6708 | D:6      | Found a runed translucent door.
  6710 | D:6      | Noticed a centaur warrior
  6710 | D:6      | Noticed rasy's ghost (amateur MiFi)
  7062 | D:6      | Noticed Duvessa
  7065 | D:6      | Noticed Dowan
  7073 | D:6      | Killed Duvessa
  7075 | D:6      | Killed Dowan
  7205 | D:7      | Found Zin's Purification Station.
  7207 | D:7      | Found a glowing silver altar of Zin.
  7221 | D:7      | Reached XP level 9. HP: 69/69 MP: 13/13
  7272 | D:7      | Noticed Joseph
  7295 | D:7      | Mangled by Joseph

Illustrated notes

Levels and vault maps discovered:
D:1:      minmay_arrival_five_plusses, layout_basic, minmay_misc_feat_hallway
D:2:      layout_basic, regret_index_temple_of_mockery, marbit_many_paths,
          minitemple, minmay_fractal_squares_5
D:3:      layout_rooms, chequers_temple_overflow_statue_of_worship,
          chequers_ecumenical_altar_simple_redux
D:4:      layout_loops_cross, makhleb_altar_promises_db, led_sif_pool
D:5:      layout_cave_pools, enter_ossuary_5, minmay_diced_spiral
D:6:      layout_basic, ebering_ghost_inner_flame, uniq_edmund, uniq_maggie,
          uniq_duvessa
D:7:      layout_cave_pools, zin_purify, minmay_temple_entry_drinking_statues,
          minmay_nine_imps, uniq_menkaure, uniq_joseph, uniq_harold

Skill      XL: |  1  2  3  4  5  6  7  8 |
---------------+-------------------------+-----
Long Blades    | 2 3 4 5 |  5.5
Dodging        | 2 3 4 5 |  5.3
Stealth        | 5 6 7 |  7.2
Fighting       | 4 5 6 |  6.3
Spellcasting   | 3 |  3.4

Action                   |  1- 3 |  4- 6 |  7- 9 || total
-------------------------+-------+-------+-------++-------
Melee: Falchion          |    58 |   170 |   312 ||   540
       Kick              |       |    68 |   128 ||   196
       Scimitar          |       |       |    42 ||    42
Throw: Dart              |       |       |    29 ||    29
  Use: Potion            |     2 |       |       ||     2
       Scroll            |     1 |       |       ||     1
 Stab: Sleeping          |     1 |     2 |    23 ||    26
       Distracted        |       |       |     3 ||     3
Armor: Leather armour    |    17 |    43 |    65 ||   125
       Steam dragon scal |       |       |    14 ||    14
Dodge: Dodged            |    44 |    97 |   240 ||   381
       Rpst.: Falchion   |    12 |    37 |    67 ||   116
       Scimitar          |       |       |     9 ||     9

Table legend: (Time is in decaauts)
 A = Elapsed time spent in this place.
 B = Non-inter-level travel time spent in this place.
 C = Inter-level travel time spent in this place.
 D = Time resting spent in this place.
 E = Time spent auto-exploring this place.
 F = Levels seen in this place.
 G = Mean time per level.
                   A        B        C        D        E       F      G
               +--------+--------+--------+--------+--------+-----+--------+
         Total |   7348 |   7016 |    332 |   2582 |   3034 |   8 |  918.5 |
       Dungeon |   5164 |   4832 |    332 |    877 |   2991 |   7 |  737.7 |
       Ossuary |   2183 |   2183 |      0 |   1705 |     43 |   1 | 2183.0 |
               +--------+--------+--------+--------+--------+-----+--------+

Top non-repeatable levels by time:
 Ossuary: 2183 daAuts
     D:4: 1325 daAuts
     D:6: 1150 daAuts
     D:2: 722 daAuts
     D:5: 721 daAuts
     D:1: 684 daAuts
     D:3: 468 daAuts
     D:7: 93 daAuts
